AoeStats
← [PSCH] R!ce

Nomad

506915844Analyzed
3v3 RM · 16d ago on Sep 15, 2026· 46m 19s· 6 players
Game mode
Random Map
Map size
210×210
Population
200
Speed
Normal
Resources
Standard
Victory
Conquest
Starting age
Dark Age
Ending age
Imperial Age
RankedLock teamsTeams togetherTeam positionsShared explorationLock speedFull tech treeHidden civsTurbo modeCheats
Victory
Defeat
🇨🇭 Khitans · Switzerland
1457
+13
🇨🇭 Maya · Switzerland
1412
+15
🇨🇭 Inca · Switzerland
1407
+15
🇳🇱 Mongols · Netherlands
1486
-17
🇩🇪 Britons · Germany
1371
-14
🇦🇺 Gurjaras · Australia
1321
-12
Bendix
3:55 Loom
12:45 Feudal Age
13:23 Double-Bit Axe
16:16 Town Watch
17:13 Fishing Lines
21:44 Castle Age
22:38 Medium Warships
22:47 Gillnets
23:20 Bow Saw
23:56 Clinker Construction
25:20 Fletching
25:02 Man-at-Arms
26:13 Long Swordsman
27:39 Forging
27:35 Squires
28:29 Wheelbarrow
28:45 Scale Mail Armor
29:38 Iron Casting
32:09 Chain Mail Armor
31:41 Gambesons
34:36 Hand Cart
38:33 Imperial Age
35:59 Crossbowman
36:50 Stone Mining
37:13 Bodkin Arrow
38:27 Ballistics
38:10 Padded Archer Armor
38:20 Gold Mining
39:25 Leather Archer Armor
39:16 Bracer
38:41 Arbalester
40:23 Chemistry
40:31 Leather Archer Armor
Holy Heroin
8:45 Loom
13:27 Feudal Age
17:24 Castle Age
15:43 Double-Bit Axe
17:15 Fletching
17:16 Fishing Lines
18:40 Bodkin Arrow
20:58 Bow Saw
20:53 Town Watch
31:46 Horse Collar
33:39 Husbandry
34:49 Bloodlines
38:48 Ballistics
41:06 Imperial Age
40:23 Gold Mining
42:26 Conscription
42:15 Bracer
44:20 Chemistry
43:21 Padded Archer Armor
44:54 Leather Archer Armor
SweatyPenguin
4:06 Loom
4:29 Loom
14:43 Feudal Age
16:30 Wheelbarrow
19:07 Castle Age
17:28 Scale Barding Armor
17:34 Forging
18:11 Fishing Lines
18:50 Double-Bit Axe
19:18 Horse Collar
21:22 Gold Mining
26:14 Imperial Age
25:50 Heavy Plow
30:22 Fletching
34:41 Scale Mail Armor
35:17 Iron Casting
36:43 Siege Elephant
44:49 Ballistics
45:29 Chemistry
45:41 Bodkin Arrow
[PSCH] R!ce
4:33 Loom
13:25 Feudal Age
17:51 Castle Age
15:41 Double-Bit Axe
19:21 Town Watch
20:23 Bow Saw
21:30 Scale Mail Armor
21:50 Eagle Warrior
26:40 Pikeman
29:10 Fletching
30:31 Bodkin Arrow
31:45 Ballistics
37:04 Imperial Age
34:34 Horse Collar
35:10 Padded Archer Armor
36:25 Wheelbarrow
37:32 Chain Mail Armor
37:27 Forging
37:32 Leather Archer Armor
39:07 Chemistry
38:18 Bracer
41:43 Plate Mail Armor
42:55 Elite Eagle Warrior
44:45 Iron Casting
45:09 Holcans
[PSCH] Reh
5:10 Loom
14:26 Feudal Age
15:17 Double-Bit Axe
17:17 Fletching
19:55 Gold Mining
24:46 Castle Age
22:46 Fishing Lines
24:10 Stone Mining
24:47 Forging
27:17 Wheelbarrow
26:23 Domestication
27:02 Bow Saw
28:03 Padded Archer Armor
31:56 Leather Archer Armor
32:15 Bodkin Arrow
32:31 Town Watch
33:11 Ballistics
33:45 Hand Cart
33:42 Squires
34:30 Thumb Ring
34:55 Pastoralism
35:51 Thumb Ring
35:45 Heavy Cavalry Archer
40:02 Imperial Age
37:41 Squires
37:42 Scale Mail Armor
38:09 Town Patrol
39:07 Scale Barding Armor
39:37 Iron Casting
39:21 Chain Mail Armor
39:41 Iron Casting
38:51 Treadmill Crane
39:21 Masonry
42:20 Parthian Tactics
42:30 Elite Fire Lancer
44:35 Bracer
45:06 Ring Archer Armor
44:08 Capped Ram
46:55 Plate Mail Armor
[PSCH] wolverito
3:45 Loom
12:12 Feudal Age
12:55 Double-Bit Axe
13:43 Town Watch
20:31 Castle Age
18:22 Fletching
20:40 Fishing Lines
21:34 Bodkin Arrow
24:19 Guard Tower
28:31 Sanctity
28:44 Ballistics
29:36 Redemption
37:10 Imperial Age
35:16 Wheelbarrow
34:41 Elite Skirmisher
35:25 Andean Sling
39:19 Chemistry
44:08 Scale Mail Armor
46:01 Masonry
46:27 Chain Mail Armor
46:50 Padded Archer Armor
Connection lost

Rejoining the realm…

Still unreachable

The connection could not be restored.

Session expired

The server has moved on; the page needs a fresh start.